 Dungeon Crawl Stone Soup version 0.31.0-12-g77e489cdc1 (webtiles) character file.

Game seed: 11690574265313481625

185 spaghetti the Slasher (level 5, 0/49 HPs)
             Began as a Naga Chaos Knight on Mar 7, 2024.
             Was a Plaything of Xom.
             Slain by a rat (1 damage)
             ... in a sewer.
             The game lasted 00:02:37 (1703 turns).

spaghetti the Slasher (Naga Chaos Knight)           Turns: 1703, Time: 00:02:38

Health: 0/49       AC:  5    Str: 15    XL:     5   Next: 64%
Magic:  5/5        EV: 10    Int: 12    God:    Xom [....*.]
Gold:   142        SH:  0    Dex: 12    Spells: 4/4 levels left

rFire   . . .        a - +0 falchion (chaos)
rCold   . . .        (no shield)
rNeg    . . .        b - +2 leather armour
rPois   +            (no helmet)
rElec   .            (no cloak)
rCorr   .            (no gloves)
SInv    +            (no barding)
Will    .....        (no amulet)
Stlth   +            (no ring)
HPRegen 0.28/turn    (no ring)
MPRegen 0.09/turn

%: no passive effects
@: hasted, quick
A: AC +1, large, see invisible, deformed body, poison resistance, slowness 2,
spit poison 1, naga tail 1
a: Spit Poison, Renounce Religion


You were in a sewer.
You worshipped Xom.
You were a beloved toy of Xom.
You visited 1 branch of the dungeon, and saw 3 of its levels.
You also visited: Sewer.

You collected 142 gold pieces.

Inventory:

Hand Weapons
 a - a +0 falchion of chaos (weapon)
Armour
 b - a +2 leather armour (worn)
 h - a +0 plate armour
Scrolls
 c - a scroll of butterflies
 d - 2 scrolls of fear
 e - a scroll of revelation
 j - a scroll of immolation
 k - a scroll of vulnerability
Potions
 f - 2 potions of curing
 i - a potion of invisibility {unknown}


   Skills:
 - Level 3.0 Fighting
 + Level 4.8 Long Blades
 - Level 1.5 Armour
 + Level 3.1 Dodging


You had 4 spell levels left.
You didn't know any spells.
Your spell library contained the following spells:

 Spells                   Type           Power      Damage    Failure   Level
 Sublimation of Blood     Necr           0%         N/A       52%         2
 Petrify                  Alch/Erth      0%         N/A       99%         4
 Irradiate                Conj/Alch      0%         3d11      100%        5


Dungeon Overview and Level Annotations

Branches:
Dungeon (3/15)              Sewer (1/1)

Altars:


Innate Abilities, Weirdness & Mutations

Your serpentine skin is tough. (AC +1)
You have supernaturally acute eyesight. (SInv)
Armour fits poorly on your strangely shaped body.
Your system is resistant to poisons. (rPois)
You cover ground very slowly.
You can spit poison.
You have a snake-like lower body.


Message History

The river rat bites you but does no damage.
You hit the river rat.
You kill the river rat!
The rat bites you but does no damage. x2; The rat barely misses you.
You hit the river rat. You freeze the river rat.
The river rat is heavily wounded.
The rat bites you.
* * * LOW HITPOINT WARNING * * *
The rat splashes around in the water.
The river rat bites you but does no damage.
The rat splashes around in the water.
Unknown command.
You closely miss the river rat.
The river rat is heavily wounded.
The rat barely misses you. x2
The river rat bites you but does no damage.
The rat barely misses you. The rat closely misses you.
Unknown command.
Unknown command.
You closely miss the river rat.
The river rat is heavily wounded.
The rat splashes around in the water.
The river rat bites you.
* * * LOW HITPOINT WARNING * * *
The rat twitches its whiskers.
The rat bites you.
* * * LOW HITPOINT WARNING * * *
The rat barely misses you.
Unknown command.
It was a potion of curing.
You feel better. The rat bites you but does no damage. The river rat bites you.
* * * LOW HITPOINT WARNING * * *
The rat splashes around in the water.
The rat bites you.
* * * LOW HITPOINT WARNING * * *
It was a potion of haste.
You feel yourself speed up. The rat bites you but does no damage.
The river rat bites you.
* * * LOW HITPOINT WARNING * * *
Xom is mildly amused.
The rat bites you.
You die...
Xom yawns loudly!

..# ..## .~~# ~
...# ~. ##~~~#
~~~# ###~..#
....~#####~rrr~#
#~.~.~∩~~.r@#
#~~~∩~~~###
#########


You could see a river rat and 3 rats.

Vanquished Creatures
  Natasha (thrice) (D:2)
  5 adders
  3 river rats
  2 ribbon worms (D:3)
  3 endoplasms
  A giant cockroach (D:3)
  2 goblins (D:1)
  4 hobgoblins
  2 quokkas (D:2)
  6 ball pythons
  2 bats (D:2)
  3 frilled lizards
  3 kobolds
  5 rats
44 creatures vanquished.

Vanquished Creatures (others)
  A hobgoblin zombie (D:2)
1 creature vanquished.

Grand Total: 45 creatures vanquished

Notes
Turn   | Place    | Note
-------+----------+-------------------------------------------
     0 | D:1      | spaghetti the Naga Chaos Knight began the quest for the
                  | Orb.
     0 | D:1      | Reached XP level 1. HP: 21/21 MP: 1/1
    28 | D:1      | XOM: silly message
   132 | D:1      | Reached skill level 1 in Dodging
   205 | D:1      | Reached XP level 2. HP: 25/28 MP: 2/2
   655 | D:2      | Reached XP level 3. HP: 34/34 MP: 3/3
   790 | D:2      | Noticed Natasha
   795 | D:2      | Killed Natasha
   796 | D:2      | Reached skill level 4 in Long Blades
   796 | D:2      | Reached XP level 4. HP: 15/42 MP: 4/4
  1069 | D:2      | Noticed Natasha
  1075 | D:2      | XOM: enchant monster (bad)
  1080 | D:2      | Killed Natasha
  1342 | D:2      | Noticed Natasha
  1347 | D:2      | Killed Natasha
  1348 | D:2      | Reached XP level 5. HP: 41/49 MP: 5/5
  1550 | D:2      | XOM: noise
  1628 | D:3      | XOM: polymorph rat -> adder
  1668 | D:3      | Found a glowing drain.
  1685 | Sewer    | Entered a sewer
  1703 | Sewer    | HP: 1/49 [river rat (4)]
  1703 | Sewer    | Slain by a rat

Illustrated notes

Levels and vault maps discovered:
D:1:      minmay_arrival_three_doors, layout_basic
D:2:      cheibrodos_old_hovel, layout_loops_ring, minmay_close_crescents,
          uniq_natasha
D:3:      layout_loops_ring, nicolae_vehumet_radiance,
          gammafunk_temple_overflow_claw, serial_shops, shop,
          portal_sewer_entry_e
Sewer:    sewer_hellmonk_bad_rat

Skill      XL: |  1  2  3  4  5 |
---------------+----------------+-----
Dodging        | 1 2 3 |  3.1
Long Blades    | 4 |  4.8
Fighting       | |  3.0
Armour         | |  1.5

Action                     |  1- 3 |  4- 6 || total
---------------------------+-------+-------++-------
  Melee: Falchion          |    44 |    71 ||   115
Ability: Spit Poison       |    19 |     8 ||    27
    Use: Scroll            |     1 |     4 ||     5
         Potion            |       |     2 ||     2
 Armour: Leather armour    |    28 |    72 ||   100
  Dodge: Dodged            |    26 |    44 ||    70
